 Dungeon Crawl Stone Soup version 0.19.5 (webtiles) character file.

2515 Kosschaser the Slasher (level 9, 0/82 HPs)
             Began as a Deep Dwarf Fighter on Mar 3, 2017.
             Was a Follower of Makhleb.
             Slain by a hog (6 damage)
             ... on level 7 of the Dungeon.
             The game lasted 00:19:22 (4713 turns).

Kosschaser the Slasher (Deep Dwarf Fighter)         Turns: 4713, Time: 00:19:22

Health: 0/82       AC:  7    Str: 23    XL:     9   Next: 29%
Magic:  8/8        EV: 14    Int:  9    God:    Makhleb [*.....]
Gold:   447        SH:  6    Dex: 16    Spells: 0 memorised, 8 levels left

rFire  . . .     SeeInvis +     a - +0 long sword
rCold  . . .     Gourm    .     u - +0 ring mail {MR+}
rNeg   . . .     Faith    .     w - +0 buckler of Fortification {*Contam +Inv MR+ Dex+4}
rPois  .         Spirit   .     (no helmet)
rElec  .         Reflect  .     r - +0 cloak
rCorr  .         Harm     .     (no gloves)
MR     +++..                    (no boots)
Stlth  +.........               o - amulet of rage
                                (no ring)
                                m - ring of see invisible

@: non-regenerating
A: damage resistance, recharge devices, sense surroundings 2, slow regeneration
3
a: Device Recharging, Renounce Religion, Evoke Berserk Rage, Evoke Invisibility


You were on level 7 of the Dungeon.
You worshipped Makhleb.
Makhleb was aware of your devotion.
You were not hungry.

You visited 2 branches of the dungeon, and saw 8 of its levels.
You also visited: Sewer.

You collected 447 gold pieces.

Inventory:

Hand Weapons
 a - a +0 long sword (weapon)
Armour
 r - a +0 cloak (worn)
 u - a +0 ring mail of magic resistance (worn)
 w - the +0 buckler of Fortification (worn) {*Contam +Inv MR+ Dex+4}
   (You found it on level 4 of the Dungeon)

   It affects your dexterity (+4).
   It affects your resistance to hostile enchantments.
   It lets you turn invisible.
   It causes magical contamination when unequipped.
Jewellery
 m - a ring of see invisible (left hand)
 o - an amulet of rage (around neck)
Wands
 e - a wand of heal wounds (6/9)
 n - a wand of acid (0/15)
 C - a wand of flame (12/48)
 D - a wand of paralysis (14/24)
 G - a wand of confusion (16/48)
Scrolls
 g - 2 scrolls of amnesia
 i - 2 scrolls of fear
 j - 3 scrolls of blinking
 l - 4 scrolls of remove curse
 v - 4 scrolls of enchant weapon
 y - a scroll of fog
 A - 3 scrolls of random uselessness {unknown}
 B - a scroll of enchant armour {unknown}
 F - a scroll of holy word {unknown}
Potions
 c - 2 potions of heal wounds
 d - 2 potions of might
 h - a potion of invisibility
 k - a potion of flight
 p - a potion of cure mutation
 s - 2 potions of berserk rage
 z - a potion of haste
 H - a potion of curing {unknown}
Miscellaneous
 b - a disc of storms
Comestibles
 f - 6 bread rations
 q - a beef jerky
 t - 4 meat rations
 x - 4 fruits
 E - a slice of pizza
 I - 3 chunks of flesh


   Skills:
 + Level 5.8 Fighting
 + Level 7.7 Long Blades
 + Level 6.6 Armour
 + Level 4.3 Dodging
 + Level 1.5 Stealth
 + Level 6.0 Shields
 + Level 1.6 Evocations


You had 8 spell levels left.
You didn't know any spells.

Dungeon Overview and Level Annotations

Branches:
Dungeon (7/15)             Temple (1/1) D:5

Altars:
Ashenzari
Elyvilon
Gozag
Hepliaklqana
Kikubaaqudgha
Makhleb
Nemelex Xobeh
Okawaru
Qazlal
Ru
Sif Muna
Trog
Vehumet
Xom
Yredelemnul
Zin
The Shining One


Innate Abilities, Weirdness & Mutations

You are resistant to damage.
You can recharge devices by infusing magical energy.
You passively map the area around you.
You do not regenerate.


Message History

Evoke which item? (* to show all) (? for menu, Esc to quit)
Zapping:
n - a wand of acid {zapped: 10} (will waste charges)
Press: ? - help, Shift-Dir - straight line, f - human
Aim: a human, wielding an enchanted hand axe and wearing an animal skin (severely wounded) Nothing appears to happen.
You block the hog's attack.
You barely miss the human.
The human is severely wounded.
You block the human's attack. The hog bites you but does no damage.
You hit the human but do no damage.
The human is severely wounded.
The hog bites you!
* * * LOW HITPOINT WARNING * * *
The human hits you with an enchanted hand axe.
* * * LOW HITPOINT WARNING * * *
The hog bites you!
* * * LOW HITPOINT WARNING * * *
Charge which item? (? for menu, Esc to quit)
Your wand of heal wounds (0/9) glows for a moment and now has 6 charges.
You block the human's attack. The hog bites you!
You die...

.<....# #.# .# ,
†.....###### #.# (.
)).........# #.# *#.#,
).......[..###.# * **
.., .......<.......# *
* ...........##.## , ,
...........##..## , , ,
......########..#######
, * ......# #..@hh.%%#
, ,, #######
##.#ph..%#,, ,
#####'### ,, .....#,,,
*.....#, , *######, ,,,
* ,, * ** *


You could see 3 hogs and a human.

Vanquished Creatures
  Grinder (D:4)
  A hippogriff (D:7)
  A hog (D:7)
  Menkaure (D:6)
  Edmund (D:5)
  2 ice beasts
  2 phantoms (D:4)
  A centaur (D:6)
  An ogre (D:4)
  A crocodile (Sewer)
  4 bullfrogs
  A quasit (D:6)
  A bullfrog zombie (D:5)
  2 crimson imps
  A jelly (D:6)
  2 orc wizards
  10 worker ants
  2 hound skeletons (D:6)
  2 worker ant zombies
  14 gnolls
  14 adders
  2 shadow imps
  3 oozes
  2 adder zombies
  An adder skeleton (D:4)
  A worm (D:2)
  A dart slug (D:1)
  3 leopard geckos
  15 orcs
  A ball python (D:4)
  2 giant cockroaches
  5 hobgoblins
  7 jackals
  2 quokkas
  9 bats
  7 frilled lizards
  6 goblins
  5 kobolds
  A leopard gecko skeleton (D:5)
  A leopard gecko zombie (D:5)
  A quokka skeleton (D:4)
  8 rats
148 creatures vanquished.

Vanquished Creatures (others)
  The ghost of smzp the Gusty, an amateur TeAE of Qazlal (D:4)
1 creature vanquished.

Grand Total: 149 creatures vanquished

Notes
Turn   | Place    | Note
-------+----------+-------------------------------------------
     0 | D:1      | Kosschaser the Deep Dwarf Fighter began the quest for the Orb.
     0 | D:1      | Reached XP level 1. HP: 20/20 MP: 1/1
   178 | D:1      | Reached XP level 2. HP: 27/27 MP: 2/2
   489 | D:1      | Reached XP level 3. HP: 33/33 MP: 3/3
   952 | D:2      | Found a white marble altar of Elyvilon.
  1117 | D:2      | Reached XP level 4. HP: 29/42 MP: 4/4
  1539 | D:3      | Found an opulent altar of Gozag.
  1568 | D:3      | Reached skill level 3 in Long Blades
  1684 | D:3      | Found a glowing drain.
  1693 | Sewer    | Entered a sewer
  1726 | Sewer    | Noticed a crocodile
  1749 | Sewer    | Killed a crocodile
  1749 | Sewer    | Reached XP level 5. HP: 38/49 MP: 5/5
  1895 | D:4      | Noticed a phantom
  1933 | D:4      | Killed a phantom
  1933 | D:4      | Reached skill level 4 in Long Blades
  1933 | D:4      | Reached skill level 1 in Dodging
  1933 | D:4      | Reached XP level 6. HP: 37/56 MP: 6/6
  2098 | D:4      | Noticed Grinder
  2100 | D:4      | Paralysed by Grinder for 3 turns
  2111 | D:4      | Paralysed by Grinder for 4 turns
  2131 | D:4      | Killed Grinder
  2131 | D:4      | Reached skill level 5 in Armour
  2131 | D:4      | Reached XP level 7. HP: 38/63 MP: 7/7
  2161 | D:4      | Reached skill level 5 in Shields
  2161 | D:4      | Reached skill level 1 in Evocations
  2221 | D:4      | Got a jewelled buckler
  2232 | D:4      | Identified the +0 buckler of Fortification {*Contam +Inv MR+ Dex+4} (You found it on level 4 of the Dungeon)
  2306 | D:4      | Noticed smzp's ghost (amateur TeAE)
  2315 | D:4      | Killed smzp's ghost
  2350 | D:4      | Reached skill level 5 in Long Blades
  2866 | D:5      | Entered Level 5 of the Dungeon
  2896 | D:5      | Reached XP level 8. HP: 36/73 MP: 8/8
  3032 | D:5      | Found a staircase to the Ecumenical Temple.
  3074 | Temple   | Entered the Ecumenical Temple
  3176 | Temple   | Became a worshipper of Makhleb the Destroyer
  3234 | D:5      | Noticed Edmund
  3246 | D:5      | Killed Edmund
  3375 | D:5      | Reached skill level 5 in Fighting
  3388 | D:5      | Reached skill level 6 in Long Blades
  3415 | D:5      | Found a faded altar of an unknown god.
  3415 | D:5      | Found a faded altar of an unknown god.
  3421 | D:5      | Found a faded altar of an unknown god.
  3423 | D:5      | Found a sparkling altar of Nemelex Xobeh.
  3424 | D:5      | Found a hazy altar of Hepliaklqana.
  3450 | D:5      | Found a sacrificial altar of Ru.
  3750 | D:6      | Reached skill level 1 in Stealth
  3930 | D:6      | Reached * piety under Makhleb
  4184 | D:6      | Reached skill level 7 in Long Blades
  4195 | D:6      | Found a glowing golden altar of the Shining One.
  4422 | D:7      | Noticed Menkaure
  4426 | D:7      | Noticed a hippogriff
  4452 | D:6      | Killed Menkaure
  4452 | D:6      | Gained mutation: You passively map the area around you. [Deep Dwarf growth]
  4452 | D:6      | Reached XP level 9. HP: 16/81 MP: 8/8
  4486 | D:7      | Found a basalt altar of Yredelemnul.
  4589 | D:7      | Found a radiant altar of Vehumet.
  4589 | D:7      | Found an ancient bone altar of Kikubaaqudgha.
  4590 | D:7      | Found a deep blue altar of Sif Muna.
  4595 | D:7      | Identified Kikubaaqudgha's Incunabulum of Black Secrets
  4713 | D:7      | Slain by a hog

Skill      XL: |  1  2  3  4  5  6  7  8  9 |
---------------+----------------------------+-----
Armour         | 4 5 6 |  6.6
Fighting       | 3 4 5 |  5.8
Shields        | 4 5 6 |  6.0
Long Blades    | 3 4 5 7 |  7.7
Dodging        | 1 2 3 4 |  4.3
Evocations     | 1 |  1.6
Stealth        | 1 |  1.5

Action                   |  1- 3 |  4- 6 |  7- 9 || total
-------------------------+-------+-------+-------++-------
Melee: Long sword        |    89 |   153 |   412 ||   654
 Abil: Device Recharging |       |       |     2 ||     2
Evoke: Wand              |       |     5 |    12 ||    17
       Disc of storms    |       |       |     4 ||     4
  Use: Scroll            |       |     8 |     7 ||    15
 Stab: Paralysed         |       |       |     1 ||     1
  Eat: Chunk             |     1 |     3 |    10 ||    14
Armor: Scale mail        |    28 |    90 |    59 ||   177
       Ring mail         |       |       |    77 ||    77
Dodge: Dodged            |    27 |    57 |   270 ||   354
Block: Shield            |    63 |    87 |    14 ||   164
       Buckler           |       |       |   122 ||   122
       Rpst.: Long sword |     4 |    25 |    84 ||   113
